 Dungeon Crawl Stone Soup version 0.18.1-48-g4cf74bf (webtiles) character file.

13744 Peloso the Blocker (level 11, 0/101 HPs)
             Began as a Minotaur Fighter on Aug 13, 2016.
             Was a High Priest of Okawaru.
             Slain by a minotaur
             ... wielding the +3 demon blade "Cutras" {freeze, Str+4}
              (6 damage)
             ... in a labyrinth.
             The game lasted 00:40:52 (12867 turns).

Peloso the Blocker (Minotaur Fighter)              Turns: 12867, Time: 00:40:52

Health: 0/101      AC: 25    Str: 22    XL:     11   Next: 79%
Magic:  11/11      EV: 22    Int:  3    God:    Okawaru [*****.]
Gold:   713        SH:  0    Dex: 17    Spells: 0 memorised, 10 levels left

rFire  . . .     SeeInvis +     B - +1 long sword (slice)
rCold  . . .     Gourm    .     L - +6 ring mail of Mainalej {+Fly MR+ Int-2 SInv}
rNeg   . . .     Faith    .     (no shield)
rPois  +         Spirit   .     (helmet restricted)
rElec  .         Dismiss  .     y - +1 cloak {rPois}
rCorr  .         Reflect  .     (no gloves)
SustAt .         Harm     .     z - +0 pair of boots
MR     +....                    (no amulet)
Stlth  +++.......               s - +1 ring of protection
                                D - +5 ring of protection

@: agile, heroism, very slightly contaminated, hasted, very quick, somewhat
resistant to hostile enchantments, fairly stealthy
A: retaliatory headbutt, horns 2
a: Heroism, Finesse, Renounce Religion, Evoke Flight


You were in a labyrinth.
You worshipped Okawaru.
Okawaru was extremely pleased with you.
You were not hungry.

You visited 2 branches of the dungeon, and saw 12 of its levels.
You also visited: Labyrinth and Sewer.

You collected 713 gold pieces.

Inventory:

Hand Weapons
 a - a +0 long sword
 B - a +1 long sword of slicing (weapon)
 E - a +1 falchion of protection
Armour
 c - a +0 shield
 l - a +0 plate armour
 y - a +1 cloak of poison resistance (worn)
 z - a +0 pair of boots (worn)
 L - the +6 ring mail of Mainalej (worn) {+Fly MR+ Int-2 SInv}
   (You found it on level 10 of the Dungeon)

   It affects your intelligence (-2).
   It affects your resistance to hostile enchantments.
   It lets you see invisible.
   It lets you fly.
Jewellery
 s - a +1 ring of protection (right hand)
 A - an uncursed amulet of dismissal
 D - a +5 ring of protection (left hand)
Wands
 d - a wand of digging (13/24)
 i - a wand of teleportation (6/9)
 C - a wand of hasting (2/9)
Scrolls
 k - a scroll of magic mapping
 r - 2 scrolls of fear
 t - 7 scrolls of teleportation
 v - 2 scrolls of remove curse
 J - a scroll of torment {unknown}
 P - 2 scrolls of identify
 Q - a scroll of amnesia
Potions
 b - a potion of cancellation
 e - 3 potions of brilliance
 o - 2 potions of magic
 q - a potion of resistance
 u - a potion of agility
 w - 3 potions of curing
 G - a potion of haste
 N - a potion of flight {unknown}
Books
 I - a book of Envenomations

   Spells                             Type                      Level
   a - Spider Form                    Transmutation/Poison         3
   b - Olgreb's Toxic Radiance        Poison                       4
   c - Alistair's Intoxication        Transmutation/Poison         5
   d - Poisonous Cloud                Conjuration/Poison/Air       6
 K - a book of Death

   Spells                             Type                      Level
   a - Corpse Rot                     Necromancy                   2
   b - Sublimation of Blood           Necromancy                   2
   c - Agony                          Necromancy                   5
   d - Dispel Undead                  Necromancy                   5
   e - Excruciating Wounds            Charms/Necromancy            5
   f - Bolt of Draining               Conjuration/Necromancy       5
 M - a book of Annihilations

   Spells                             Type                      Level
   a - Poison Arrow                   Conjuration/Poison           6
   b - Chain Lightning                Conjuration/Air              8
   c - Lehudib's Crystal Spear        Conjuration/Earth            8
   d - Glaciate                       Conjuration/Ice              9
   e - Fire Storm                     Conjuration/Fire             9
Comestibles
 f - 9 bread rations
 g - 7 meat rations
 j - a royal jelly
 p - 2 beef jerkies
 H - 3 fruits


   Skills:
 + Level 10.7(15.7) Fighting
 + Level 11.7(16.7) Long Blades
 + Level 10.9(15.9) Armour
 + Level 4.2(9.2) Dodging
 + Level 1.0(6.0) Stealth
 + Level 12.4(17.4) Shields
 + Level 1.7 Invocations
 + Level 0.6 Evocations


You had 10 spell levels left.
You didn't know any spells.

Dungeon Overview and Level Annotations

Branches:
Dungeon (11/15)            Temple (0/1) D:4            Lair (1/8) D:8
    Orc (0/2) D:11

Altars:
Ashenzari
Cheibriados
Dithmenos
Gozag
Kikubaaqudgha
Makhleb
Okawaru
Qazlal
Ru
Vehumet
Xom
Zin
Beogh

Shops:
D:5 %


Innate Abilities, Weirdness & Mutations

You reflexively headbutt those who attack you in melee.
You have a pair of horns on your head.


Message History

You are very lightly contaminated with residual magic.
Drink which item? (? for menu, Esc to quit)
You feel better.
Drink which item? (? for menu, Esc to quit)
You feel better.
Drink which item? (? for menu, Esc to quit)
You feel better.
You barely miss the minotaur. Your headbutt misses the minotaur.
The minotaur is heavily wounded.
The minotaur barely misses you. The minotaur gores you!
Unknown command.
You hit the minotaur.
The minotaur is heavily wounded.
Unknown command.
Drink which item? (? for menu, Esc to quit)
You feel agile all of a sudden.
The minotaur hits you with an encrusted demon blade {freeze}!!
* * * LOW HITPOINT WARNING * * *
The minotaur freezes you.
You die...

# . # . . . . ##.
# # . ... . # #.#
...# ##.##.# : .
#..# .8# # #.@#
|# .#.H# .8# #
#..# .# #....# 8
.. # ###..##'##..
#
.................
.# #####.###.##
.# .... . #. ###
##


You could see a minotaur.

Vanquished Creatures
  The ghost of ayyllmao the Carver, a novice FoFi of Okawaru (D:8)
  Urug (Lair:1)
  An orc knight (D:7)
  A cyclops (D:6)
  An ugly thing (D:11)
  An orc sorcerer (D:6)
  Maurice (D:10)
  Joseph (D:7)
  Psyche (D:9)
  A troll (D:11)
  Prince Ribbit (D:6)
  A spriggan (D:10)
  A vampire (D:10)
  A wraith (D:10)
  The ghost of Peloso the Shield-Bearer, an amateur MiFi (D:4)
  The ghost of ayyllmao the Shield-Bearer, an amateur FoFi (D:6)
  3 hippogriffs
  2 hungry ghosts (D:9)
  Menkaure (D:7)
  18 wargs
  A soldier ant (D:8)
  A water moccasin (D:9)
  A porcupine (Lair:1)
  11 orc warriors
  2 sky beasts
  A black bear (D:9)
  An ice beast (D:6)
  A phantom (D:8)
  4 wolves (Lair:1)
  5 ogres
  3 centaurs
  A crocodile (D:6)
  A big kobold (D:11)
  6 giant frogs
  A wyvern zombie (D:6)
  7 scorpions
  5 wights (D:11)
  4 howler monkeys
  6 crimson imps
  5 jellies
  4 hounds
  10 orc wizards
  Crazy Yiuf (D:3)
  15 orc priests
  2 centaur skeletons
  Ijyb (D:3)
  2 iguanas
  Terence (D:3)
  4 worker ants
  2 killer bee zombies (D:6)
  A hound zombie (D:6)
  A hound skeleton (D:5)
  Robin (D:2)
  8 adders
  An ooze (D:2)
  2 worms
  3 dart slugs
  3 giant geckos
  62 orcs
  8 giant cockroaches
  9 goblins
  6 hobgoblins
  15 jackals
  4 quokkas
  6 ball pythons
  9 bats
  9 giant newts
  18 kobolds
  10 rats
  6 plants (Sewer)
331 creatures vanquished.

Vanquished Creatures (others)
  2 orcs
  A ball python (D:6)
3 creatures vanquished.

Grand Total: 334 creatures vanquished

Notes
Turn   | Place    | Note
--------------------------------------------------------------
     0 | D:1      | Peloso the Minotaur Fighter began the quest for the Orb.
     0 | D:1      | Reached XP level 1. HP: 19/19 MP: 0/0
    74 | D:1      | Reached XP level 2. HP: 25/27 MP: 1/1
   935 | D:2      | Reached XP level 3. HP: 33/33 MP: 2/2
   953 | D:2      | Noticed Robin
   980 | D:2      | Reached skill level 4 in Shields
   995 | D:2      | Killed Robin
  1095 | D:2      | Reached XP level 4. HP: 33/40 MP: 3/3
  1205 | D:2      | Found a shattered altar of Ashenzari.
  1502 | D:3      | Noticed Terence
  1503 | D:3      | Found a burning altar of Makhleb.
  1516 | D:3      | Killed Terence
  1517 | D:3      | Found an iron altar of Okawaru.
  1521 | D:3      | Found an opulent altar of Gozag.
  1528 | D:3      | Became a worshipper of Warmaster Okawaru
  1772 | D:3      | Noticed Ijyb
  1810 | D:3      | Killed Ijyb
  1810 | D:3      | Reached skill level 5 in Shields
  1810 | D:3      | Reached XP level 5. HP: 35/47 MP: 4/4
  1944 | D:3      | Noticed Crazy Yiuf
  1950 | D:3      | Killed Crazy Yiuf
  1950 | D:3      | Reached skill level 1 in Dodging
  2485 | D:4      | Noticed Peloso's ghost (amateur MiFi)
  2504 | D:4      | Killed Peloso's ghost
  2504 | D:4      | Reached skill level 5 in Fighting
  2504 | D:4      | Reached skill level 5 in Armour
  2504 | D:4      | Reached XP level 6. HP: 13/56 MP: 5/5
  2815 | D:4      | Found a stormy altar of Qazlal.
  2837 | D:4      | Reached * piety under Okawaru
  2837 | D:4      | Reached XP level 7. HP: 60/61 MP: 6/6
  3165 | D:4      | Found a staircase to the Ecumenical Temple.
  3249 | D:4      | Found a glowing silver altar of Zin.
  3277 | D:5      | Entered Level 5 of the Dungeon
  3396 | D:5      | Reached skill level 5 in Long Blades
  3430 | D:5      | Found Xest's Food Shop.
  3738 | D:5      | Found a glowing drain.
  3752 | Sewer    | Entered a sewer
  4803 | D:5      | Found a radiant altar of Vehumet.
  4961 | D:6      | Found a shimmering altar of Xom.
  4983 | D:6      | Reached skill level 6 in Shields
  5019 | D:6      | Reached XP level 8. HP: 11/70 MP: 7/7
  5350 | D:6      | Found an ancient bone altar of Kikubaaqudgha.
  5400 | D:6      | Noticed Prince Ribbit
  5440 | D:6      | Killed Prince Ribbit
  5440 | D:6      | Reached skill level 7 in Shields
  5595 | D:6      | Noticed a cyclops
  5602 | D:6      | Killed a cyclops
  5602 | D:6      | Reached ** piety under Okawaru
  5602 | D:6      | Reached skill level 8 in Shields
  5747 | D:6      | Reached XP level 9. HP: 72/79 MP: 8/8
  6100 | D:6      | Noticed ayyllmao's ghost (amateur FoFi)
  6112 | D:6      | Killed ayyllmao's ghost
  6575 | D:6      | Reached skill level 9 in Shields
  6855 | D:7      | Noticed an orc sorcerer
  6998 | D:7      | Noticed Joseph
  7035 | D:7      | Paralysed by an orc sorcerer for 4 turns
  7297 | D:7      | Noticed an orc knight
  7316 | D:7      | Reached *** piety under Okawaru
  7503 | D:7      | Reached XP level 10. HP: 76/90 MP: 7/9
  7516 | D:7      | Reached skill level 10 in Shields
  8066 | D:7      | Reached **** piety under Okawaru
  8112 | D:7      | Killed Joseph
  8173 | D:7      | Paralysed by an orc sorcerer for 2 turns
  8414 | D:6      | Killed an orc sorcerer
  8414 | D:6      | Reached skill level 1 in Invocations
  8855 | D:7      | Killed an orc knight
  8863 | D:7      | Reached skill level 10 in Armour
  8894 | D:7      | Noticed Menkaure
  8902 | D:7      | Killed Menkaure
  8902 | D:7      | Reached ***** piety under Okawaru
  8993 | D:7      | Reached skill level 11 in Shields
  9152 | D:7      | Reached skill level 10 in Long Blades
  9476 | D:8      | Found a snail-covered altar of Cheibriados.
  9518 | D:8      | Found a staircase to the Lair.
  9767 | D:8      | Found a sacrificial altar of Ru.
  9780 | D:8      | Noticed ayyllmao's ghost (novice FoFi)
  9806 | D:8      | Killed ayyllmao's ghost
  9806 | D:8      | Reached XP level 11. HP: 46/99 MP: 10/10
 10410 | D:9      | Noticed Psyche
 10418 | D:9      | Killed Psyche
 10492 | D:9      | Received a gift from Okawaru
 10665 | D:9      | Reached skill level 10 in Fighting
 10791 | D:9      | Found a shadowy altar of Dithmenos.
 11023 | D:10     | Entered Level 10 of the Dungeon
 11070 | D:10     | Noticed Maurice
 11162 | D:10     | Killed Maurice
 11180 | D:10     | Reached skill level 1 in Stealth
 11502 | D:10     | Reached skill level 12 in Shields
 11550 | D:10     | Got a shimmering ring mail
 11741 | D:11     | Found a radiant altar of Vehumet.
 11782 | D:11     | Found a staircase to the Orcish Mines.
 11879 | D:11     | Found a roughly hewn altar of Beogh.
 11917 | D:11     | Noticed a white ugly thing
 11927 | D:11     | Killed a white ugly thing
 12111 | D:11     | Noticed an eight-headed hydra
 12183 | D:10     | Identified the +6 ring mail of Mainalej {+Fly MR+ Int-2 SInv} (You found it on level 10 of the Dungeon)
 12471 | Lair:1   | Entered Level 1 of the Lair of Beasts
 12521 | Lair:1   | Noticed Urug
 12523 | Lair:1   | Found a labyrinth entrance.
 12544 | Lair:1   | Killed Urug
 12596 | Lab      | Entered a labyrinth
 12847 | Lab      | Noticed a minotaur
 12867 | Lab      | Identified the +3 demon blade "Cutras" {freeze, Str+4}
 12867 | Lab      | Slain by a minotaur

Skill      XL: |  1  2  3  4  5  6  7  8  9 10 11 |
---------------+----------------------------------+-----
Fighting       | 4 5 6 7 8 9 10 | 10.7
Armour         | 4 5 6 8 9 10 | 10.9
Shields        | 4 5 6 8 9 11 12 | 12.4
Long Blades    | 3 4 5 7 8 10 11 | 11.7
Dodging        | 1 2 3 4 |  4.2
Invocations    | 1 |  1.7
Stealth        | 1 |  1.0
Evocations     | |  0.6

Action                   |  1- 3 |  4- 6 |  7- 9 | 10-12 || total
-------------------------+-------+-------+-------+-------++-------
Melee: Long sword        |   112 |   143 |   582 |   571 ||  1408
       Headbutt          |    16 |    25 |   126 |   115 ||   282
       Punch             |       |       |       |     2 ||     2
Invok: Heroism           |       |       |     5 |    10 ||    15
Evoke: Wand              |       |       |     3 |     1 ||     4
  Use: Scroll            |       |     3 |    16 |     6 ||    25
       Potion            |       |     1 |     2 |     5 ||     8
  Eat: Chunk             |     1 |     5 |    12 |    19 ||    37
       Pizza             |       |       |     1 |     1 ||     2
       Beef jerky        |       |       |     1 |       ||     1
       Fruit             |       |       |     2 |     2 ||     4
Armor: Scale mail        |    35 |       |       |       ||    35
       Plate armour      |    53 |    80 |   352 |   217 ||   702
       Ring mail         |       |       |       |    37 ||    37
Dodge: Dodged            |    24 |    23 |   118 |   118 ||   283
Block: Shield            |    67 |    62 |   257 |   290 ||   676
